Griffins vs Diables
Created - October 31, 2019 at 19:27
Goals
|
Griffins |
0 |
3 |
1 |
4 |
Diables |
1 |
0 |
0 |
1 |
|
Shots
|
Griffins |
6 |
15 |
12 |
33 |
Diables |
11 |
5 |
9 |
25 |
|
1st period
1. Diables , Brandon Prust 7 (Mikko Lehtonen 3, Brayden Point 2) at 13:02
Penalties :
Brendan Woods (Cap) for High sticking (Minor) at 14:24
2nd period
2. Griffins , Gord Baldwin 1 (Anton Slepyshev 3, Nathan Gerbe 1) at 3:59 (PP)
3. Griffins , Marko Dano 3 (Tye McGinn 3) at 5:16 (PP)
4. Griffins , Gord Baldwin 2 (Simon Despres 3, Brendan Woods 2) at 14:55
Penalties :
Brock McGinn (Alm) for High sticking (Minor) at 2:23, Christian Thomas (Alm) for Hooking (Minor) at 5:06, Anton Slepyshev (Cap) for High sticking (Minor) at 11:24, Carl Gunnarsson (Alm) for Slashing (Minor) at 15:24
3rd period
5. Griffins , Sonny Milano 1 (Danny Kristo 1, Mark Jankowski 1) at 11:52
Penalties :
Brock McGinn (Alm) for Roughing (Minor) at 4:12, Tim Schaller (Alm) for Roughing (Minor) at 13:43, Brett Lernout (Alm) for Hooking (Minor) at 18:25
Goalie Stats
Jean-Francois Berube (Cap), 24 saves from 25 shots - (0.960), W, 1-2-0, 60:00 minutes
Igor Shesterkin (Alm), 29 saves from 33 shots - (0.879), L, 0-1-0, 60:00 minutes
Players Stats for Griffins
Player Name G A P +/- PIM S H SB GA TA FO MP PP MP PK MP
------------------------------------------------------------------------------------
Anton Slepyshev 0 1 1 -1 2 0 2 0 0 1 0/0 18:27 4:28 0:11
Ben Hanowski 0 0 0 0 0 4 2 0 1 0 2/4 19:49 4:46 0:00
Brandon Pirri 0 0 0 -1 0 2 4 0 0 0 1/1 16:57 0:16 1:49
Brendan Woods 0 1 1 1 2 0 3 1 1 0 1/1 11:10 0:00 1:03
Danny Kristo 0 1 1 1 0 3 0 0 1 0 1/2 14:12 4:28 0:39
Gord Baldwin 2 0 2 1 0 4 3 3 0 2 0/0 29:01 3:44 2:17
Haydn Fleury 0 0 0 0 0 0 0 2 0 0 0/0 11:52 0:00 1:11
Marcus Pettersson 0 0 0 1 0 2 1 1 0 0 0/0 20:45 3:28 0:59
Mark Jankowski 0 1 1 1 0 0 0 0 0 0 1/2 12:35 0:13 1:36
Marko Dano 1 0 1 0 0 5 3 0 0 1 19/30 19:49 4:36 1:15
Mirco Mueller 0 0 0 0 0 0 3 0 0 0 0/0 23:51 5:33 1:41
Nathan Gerbe 0 1 1 -1 0 2 2 1 3 2 4/8 18:44 4:28 0:11
Nicholas Baptiste 0 0 0 1 0 1 2 0 0 0 0/0 10:07 0:00 0:00
Petter Granberg 0 0 0 0 0 0 0 0 0 0 0/0 1:08 0:00 0:00
Rourke Chartier 0 0 0 1 0 1 1 0 0 0 2/5 10:07 0:00 0:00
Simon Despres 0 1 1 0 0 3 1 0 1 1 0/0 28:21 5:49 1:41
Sonny Milano 1 0 1 1 0 1 1 0 0 0 0/0 9:02 0:00 0:00
Tye McGinn 0 1 1 0 0 5 2 0 4 0 0/0 20:03 4:36 1:19
Players Stats for Diables
Player Name G A P +/- PIM S H SB GA TA FO MP PP MP PK MP
------------------------------------------------------------------------------------
Brandon Prust 1 0 1 1 0 3 0 0 1 0 0/0 14:21 0:00 3:29
Brayden Point 0 1 1 1 0 2 3 0 2 0 4/8 14:51 1:48 2:07
Brett Lernout 0 0 0 -1 2 0 3 0 0 1 0/0 12:58 0:00 0:00
Brock McGinn 0 0 0 -1 4 1 6 1 0 1 1/3 17:00 1:59 0:00
Carl Gunnarsson 0 0 0 0 2 1 5 3 0 1 0/0 25:01 2:12 4:05
Chris Bigras 0 0 0 -1 0 0 0 3 0 0 0/0 14:06 0:00 0:53
Christian Thomas 0 0 0 0 2 2 1 1 0 0 0/0 9:13 0:00 0:20
Daniel Zaar 0 0 0 0 0 1 0 0 0 0 0/0 8:31 0:00 0:00
Dylan Larkin 0 0 0 -1 0 2 0 0 1 0 2/8 14:08 1:59 0:00
Frederik Gauthier 0 0 0 0 0 2 0 0 0 0 0/2 8:53 0:00 0:22
Jordan Caron 0 0 0 -1 0 2 2 0 0 2 4/10 19:21 1:59 5:03
Mikko Lehtonen 0 1 1 1 0 1 2 0 0 0 0/0 11:22 0:11 0:00
Nikolaj Ehlers 0 0 0 -1 0 2 0 1 0 0 1/1 14:18 1:59 0:00
Samuel Morin 0 0 0 0 0 1 0 1 0 2 0/0 25:49 2:12 5:22
Tim Schaller 0 0 0 -1 2 1 4 0 0 0 9/19 17:03 0:00 2:01
Tobias Rieder 0 0 0 -1 0 1 2 1 1 2 1/2 21:31 1:59 5:12
Will Butcher 0 0 0 0 0 1 0 1 1 1 0/0 21:01 1:46 3:55
Zac Leslie 0 0 0 0 0 2 2 1 1 1 0/0 21:10 1:46 4:19
3 Stars
1 - Gord Baldwin (Cap)
2 - Jean-Francois Berube (Cap)
3 - Marko Dano (Cap)
Power Play
Griffins - 2 on 6 Attempt(s) - 33.33%
Diables - 0 on 2 Attempt(s) - 0.00%
Penalty Kill
Griffins - 2 on 2 Attempt(s) - 100.00%
- Score 0 goal in Penalty Kill
Diables - 4 on 6 Attempt(s) - 66.67%
- Score 0 goal in Penalty Kill
Team Stat
Griffins - Hits : 30 - Faceoff Wins : 31 - Blocked Shots : 8 - Penalty Minutes : 4
Diables - Hits : 30 - Faceoff Wins : 22 - Blocked Shots : 13 - Penalty Minutes : 12
Official
Referees : Unknown
Linesman : Unknown
Game Notes
Petter Granberg is injured at 3:55 of 1st period (Left Hand)
Haydn Fleury is injured at 10:46 of 2nd period (Broken Bone (Right Arm))
Finance
Level 1 -- Attendance: 1571 (78.55%) -- Ticket Income $62,840
Level 2 -- Attendance: 781 (78.10%) -- Ticket Income $15,620
Total Attendance: 2352 (78.40%)
Total Ticket Income: $78,460
Other Income: $3,923
Total Income: $82,383
Griffins
5 vs 5 Forward
Center Left Wing Right Wing Time % Phy DF OF
1 Marko Dano Tye McGinn Ben Hanowski 35 0 1 4
2 Nathan Gerbe Anton Slepyshev Brandon Pirri 35 0 2 3
3 Mark Jankowski Sonny Milano Danny Kristo 20 0 2 3
4 Rourke Chartier Brendan Woods Nicholas Baptiste 10 0 2 3
5 vs 5 Defense
Defense Defense Time % Phy DF OF
1 Petter Granberg Haydn Fleury 40 0 2 3
2 Gord Baldwin Marcus Pettersson 30 0 3 2
3 Simon Despres Mirco Mueller 20 0 3 2
4 Simon Despres Mirco Mueller 10 1 2 2
PowerPlay Forward
Center Left Wing Right Wing Time % Phy DF OF
1 Marko Dano Tye McGinn Ben Hanowski 60 0 1 4
2 Nathan Gerbe Anton Slepyshev Danny Kristo 40 0 1 4
PowerPlay Defense
Defense Defense Time % Phy DF OF
1 Petter Granberg Simon Despres 60 0 1 4
2 Gord Baldwin Marcus Pettersson 40 0 1 4
Penalty Kill 4 Players Forward
Center Wing Time % Phy DF OF
1 Brendan Woods Brandon Pirri 60 1 2 2
2 Danny Kristo Mark Jankowski 40 1 2 2
Penalty Kill 4 Players Defense
Defense Defense Time % Phy DF OF
1 Gord Baldwin Haydn Fleury 60 1 2 2
2 Simon Despres Mirco Mueller 40 1 2 2
Penalty Kill - 3 Players Forward
Forward Time % Phy DF OF
1 Brendan Woods 60 1 2 2
2 Danny Kristo 40 1 2 2
Penalty Kill - 3 Players Defense
Defense Defense Time % Phy DF OF
1 Gord Baldwin Haydn Fleury 60 1 2 2
2 Simon Despres Mirco Mueller 40 1 2 2
4 vs 4 Forward
Center Wing Time % Phy DF OF
1 Marko Dano Tye McGinn 50 1 2 2
2 Nathan Gerbe Ben Hanowski 50 1 2 2
4 vs 4 Defense
Defense Defense Time % Phy DF OF
1 Simon Despres Petter Granberg 60 1 2 2
2 Gord Baldwin Marcus Pettersson 40 1 2 2
Last Minutes Offensive
Center Left Wing Right Wing Defense Defense
Marko Dano Tye McGinn Ben Hanowski Petter Granberg Marcus Pettersson
Last Minutes Defensive
Center Left Wing Right Wing Defense Defense
Marko Dano Brendan Woods Danny Kristo Gord Baldwin Haydn Fleury
Goaltenders
Starting : Jean-Francois Berube
Backup : Olivier Roy
Extra Forwards
Normal : Marko Dano, Nathan Gerbe, Mark Jankowski - PP : Brandon Pirri, Mark Jankowski - PK : Marko Dano
Extra Defensemen
Normal : Petter Granberg, Gord Baldwin, Simon Despres - PP : Mirco Mueller - PK : Petter Granberg, Marcus Pettersson
Penalty Shots
Nathan Gerbe, Rourke Chartier, Danny Kristo, Marko Dano, Sonny Milano
Scratches
Vladislav Namestnikov (Healthy), Garrett Wilson (Healthy), Tanner Kero (Healthy), Greg McKegg (Healthy), Konrad Abeltshauser (Healthy)
Tomas Hyka (Healthy), Ian McCoshen (Healthy), Ryan Mantha (Healthy), Jack Ramsey (Healthy), Marcus Hogberg (Healthy)
Hayden Hawkey (Healthy)
Diables
5 vs 5 Forward
Center Left Wing Right Wing Time % Phy DF OF
1 Tim Schaller Brock McGinn Tobias Rieder 40 1 2 2
2 Dylan Larkin Nikolaj Ehlers Jordan Caron 30 1 2 2
3 Brayden Point Brandon Prust Mikko Lehtonen 20 1 2 2
4 Frederik Gauthier Christian Thomas Daniel Zaar 10 1 2 2
5 vs 5 Defense
Defense Defense Time % Phy DF OF
1 Carl Gunnarsson Samuel Morin 40 1 2 2
2 Will Butcher Zac Leslie 30 1 2 2
3 Brett Lernout Chris Bigras 20 1 2 2
4 Carl Gunnarsson Samuel Morin 10 1 2 2
PowerPlay Forward
Center Left Wing Right Wing Time % Phy DF OF
1 Brayden Point Nikolaj Ehlers Jordan Caron 60 1 2 2
2 Dylan Larkin Brock McGinn Tobias Rieder 40 1 2 2
PowerPlay Defense
Defense Defense Time % Phy DF OF
1 Carl Gunnarsson Samuel Morin 60 1 2 2
2 Will Butcher Zac Leslie 40 1 2 2
Penalty Kill 4 Players Forward
Center Wing Time % Phy DF OF
1 Jordan Caron Tobias Rieder 60 1 2 2
2 Tim Schaller Brandon Prust 40 1 2 2
Penalty Kill 4 Players Defense
Defense Defense Time % Phy DF OF
1 Carl Gunnarsson Samuel Morin 60 1 2 2
2 Will Butcher Zac Leslie 40 1 2 2
Penalty Kill - 3 Players Forward
Forward Time % Phy DF OF
1 Jordan Caron 60 1 2 2
2 Tobias Rieder 40 1 2 2
Penalty Kill - 3 Players Defense
Defense Defense Time % Phy DF OF
1 Carl Gunnarsson Samuel Morin 60 1 2 2
2 Will Butcher Zac Leslie 40 1 2 2
4 vs 4 Forward
Center Wing Time % Phy DF OF
1 Jordan Caron Tobias Rieder 60 1 2 2
2 Tim Schaller Brandon Prust 40 1 2 2
4 vs 4 Defense
Defense Defense Time % Phy DF OF
1 Carl Gunnarsson Samuel Morin 60 1 2 2
2 Will Butcher Zac Leslie 40 1 2 2
Last Minutes Offensive
Center Left Wing Right Wing Defense Defense
Tim Schaller Brandon Prust Jordan Caron Carl Gunnarsson Samuel Morin
Last Minutes Defensive
Center Left Wing Right Wing Defense Defense
Tim Schaller Brandon Prust Jordan Caron Carl Gunnarsson Samuel Morin
Goaltenders
Starting : Igor Shesterkin
Backup : Eric Comrie
Extra Forwards
Normal : Mikko Lehtonen, Daniel Zaar, Brayden Point - PP : Mikko Lehtonen, Daniel Zaar - PK : Brayden Point
Extra Defensemen
Normal : Carl Gunnarsson, Chris Bigras, Will Butcher - PP : Carl Gunnarsson - PK : Chris Bigras, Will Butcher
Penalty Shots
Jordan Caron, Tobias Rieder, Daniel Zaar, Brandon Prust, Mikko Lehtonen
Scratches
Louis Leblanc (Healthy), Stephen Harper (Healthy), Emil Djuse (Healthy), Cole Cassels (Healthy), Jeremy Gregoire (Healthy)
Connor Hurley (Healthy), Gustav Olofsson (Healthy), Andreas Johnsson (Healthy), Brett Ritchie (Healthy), Artturi Lehkonen (Healthy)
Anders Bjork (Healthy), Nicolas Aube-Kubel (Healthy), Marc-André Bourdon (Concussion Injury), Hunter Smith (Healthy), C.J Suess (Healthy)
Garret Sparks (Healthy), Jack Campbell (Healthy)
% Time on Ice - Griffins
Lines # - Real PCT - Wanted PCT - Time Play
Normal Forward
1 - 30% - 35% - 13:53
2 - 29% - 35% - 13:43
3 - 19% - 20% - 9:02
4 - 22% - 10% - 10:07
Normal Defense
1 - 55% - 40% - 25:54
2 - 23% - 30% - 10:44
3 - 16% - 20% - 7:22
4 - 6% - 10% - 2:45
PP Forward
1 - 52% - 60% - 4:49
2 - 48% - 40% - 4:28
PP Defense
1 - 63% - 60% - 5:49
2 - 37% - 40% - 3:28
PK Forward
1 - 84% - 60% - 3:19
2 - 16% - 40% - 0:39
PK Defense
1 - 62% - 60% - 2:27
2 - 38% - 40% - 1:31
PK3 Forward
1 - 0% - 60%
2 - 0% - 40%
PK3 Defense
1 - 0% - 60%
2 - 0% - 40%
44 Forward
1 - 0% - 50%
2 - 0% - 50%
44 Defense
1 - 0% - 60%
2 - 0% - 40%
Last Minute Offensive - 0:00
Last Minute Defensive - 0:00
Total
Forward - 60:00
Defense - 60:00
|
% Time on Ice - Diables
Lines # - Real PCT - Wanted PCT - Time Play
Normal Forward
1 - 33% - 40% - 15:20
2 - 26% - 30% - 12:09
3 - 23% - 20% - 10:45
4 - 18% - 10% - 8:31
Normal Defense
1 - 38% - 40% - 17:46
2 - 32% - 30% - 14:48
3 - 28% - 20% - 12:53
4 - 3% - 10% - 1:18
PP Forward
1 - 50% - 60% - 1:59
2 - 50% - 40% - 1:59
PP Defense
1 - 55% - 60% - 2:12
2 - 45% - 40% - 1:46
PK Forward
1 - 78% - 60% - 7:12
2 - 22% - 40% - 2:05
PK Defense
1 - 59% - 60% - 5:26
2 - 41% - 40% - 3:51
PK3 Forward
1 - 0% - 60%
2 - 0% - 40%
PK3 Defense
1 - 0% - 60%
2 - 0% - 40%
44 Forward
1 - 0% - 60%
2 - 0% - 40%
44 Defense
1 - 0% - 60%
2 - 0% - 40%
Last Minute Offensive - 0:00
Last Minute Defensive - 0:00
Total
Forward - 60:00
Defense - 60:00
|
Play-by-Play
1st period
0:01 of 1st period - Tim Schaller wins face-off versus Marko Dano in neutral zone.
0:04 of 1st period - Haydn Fleury is hit by Tim Schaller.
0:26 of 1st period - Samuel Morin is hit by Nathan Gerbe and loses puck.
0:56 of 1st period - Snap shot by Danny Kristo.
0:56 of 1st period - Shot Misses the Net.
1:14 of 1st period - Wrist shot by Christian Thomas.
1:14 of 1st period - Stopped by Jean-Francois Berube with a rebound.
1:16 of 1st period - Slapshot by Frederik Gauthier.
1:16 of 1st period - Shot Blocked by Brendan Woods.
1:18 of 1st period - Slapshot by Zac Leslie.
1:18 of 1st period - Stopped by Jean-Francois Berube with a rebound.
1:54 of 1st period - Snap shot by Brandon Pirri.
1:54 of 1st period - Shot Misses the Net.
2:32 of 1st period - Slapshot by Carl Gunnarsson.
2:32 of 1st period - Stopped by Jean-Francois Berube with a rebound.
2:55 of 1st period - Brandon Pirri is hit by Tim Schaller and loses puck.
3:28 of 1st period - Backhand shot by Brandon Pirri.
3:28 of 1st period - Stopped by Igor Shesterkin without a rebound.
3:29 of 1st period - Marko Dano wins face-off versus Brayden Point in Diables zone.
3:54 of 1st period - Petter Granberg is hit by Tim Schaller and loses puck.
3:55 of 1st period - Petter Granberg from Griffins is injured at 3:55 of 1st period (Left Hand).
3:56 of 1st period - Marko Dano wins face-off versus Tim Schaller in Griffins zone.
4:05 of 1st period - Wrist shot by Ben Hanowski.
4:05 of 1st period - Stopped by Igor Shesterkin with a rebound.
4:43 of 1st period - Simon Despres is hit by Carl Gunnarsson and loses puck.
4:50 of 1st period - Snap shot by Daniel Zaar.
4:50 of 1st period - Shot Misses the Net.
4:52 of 1st period - Snap shot by Carl Gunnarsson.
4:52 of 1st period - Shot Misses the Net.
5:08 of 1st period - Wrist shot by Ben Hanowski.
5:08 of 1st period - Shot Misses the Net.
5:10 of 1st period - Snap shot by Ben Hanowski.
5:10 of 1st period - Stopped by Igor Shesterkin with a rebound.
5:34 of 1st period - Off-side.
5:35 of 1st period - Nathan Gerbe wins face-off versus Dylan Larkin in neutral zone.
6:00 of 1st period - Brandon Pirri is hit by Mikko Lehtonen and loses puck.
6:19 of 1st period - Snap shot by Brandon Pirri.
6:19 of 1st period - Shot Blocked by Chris Bigras.
6:33 of 1st period - Wrist shot by Brandon Pirri.
6:33 of 1st period - Shot Misses the Net.
6:35 of 1st period - Slapshot by Simon Despres.
6:35 of 1st period - Stopped by Igor Shesterkin without a rebound.
6:36 of 1st period - Tim Schaller wins face-off versus Marko Dano in Diables zone.
7:06 of 1st period - Snap shot by Jordan Caron.
7:06 of 1st period - Stopped by Jean-Francois Berube with a rebound.
7:08 of 1st period - Slapshot by Zac Leslie.
7:08 of 1st period - Stopped by Jean-Francois Berube with a rebound.
7:10 of 1st period - Snap shot by Dylan Larkin.
7:10 of 1st period - Shot Blocked by Gord Baldwin.
7:34 of 1st period - Daniel Zaar is hit by Nicholas Baptiste and loses puck.
8:07 of 1st period - Simon Despres is hit by Tobias Rieder and loses puck.
8:24 of 1st period - Backhand shot by Jordan Caron.
8:24 of 1st period - Shot Misses the Net.
8:32 of 1st period - Wrist shot by Jordan Caron.
8:32 of 1st period - Stopped by Jean-Francois Berube without a rebound.
8:33 of 1st period - Marko Dano wins face-off versus Tim Schaller in Griffins zone.
8:33 of 1st period - Marko Dano is hit by Brock McGinn.
9:42 of 1st period - Brendan Woods is hit by Carl Gunnarsson and loses puck.
10:33 of 1st period - Marcus Pettersson is hit by Jordan Caron.
10:43 of 1st period - Wrist shot by Brandon Prust.
10:43 of 1st period - Shot Misses the Net.
10:45 of 1st period - Slapshot by Brett Lernout.
10:45 of 1st period - Deflect By Brandon Prust.
10:45 of 1st period - Shot Misses the Net.
10:45 of 1st period - Puck is out of play.
10:46 of 1st period - Brayden Point wins face-off versus Nathan Gerbe in Griffins zone.
10:56 of 1st period - Brett Lernout is hit by Brandon Pirri and loses puck.
11:07 of 1st period - Will Butcher is hit by Gord Baldwin and loses puck.
11:16 of 1st period - Will Butcher is hit by Gord Baldwin and loses puck.
12:00 of 1st period - Snap shot by Anton Slepyshev.
12:00 of 1st period - Shot Misses the Net.
12:14 of 1st period - Mirco Mueller is hit by Brayden Point and loses puck.
12:33 of 1st period - Wrist shot by Brandon Pirri.
12:33 of 1st period - Stopped by Igor Shesterkin with a rebound.
12:41 of 1st period - Simon Despres is hit by Zac Leslie and loses puck.
13:02 of 1st period - Wrist shot by Brandon Prust.
13:02 of 1st period - Goal by Brandon Prust - Griffins : 0 - Diables : 1.
13:03 of 1st period - Marko Dano wins face-off versus Tim Schaller in neutral zone.
13:18 of 1st period - Snap shot by Tobias Rieder.
13:18 of 1st period - Stopped by Jean-Francois Berube without a rebound.
13:19 of 1st period - Mark Jankowski wins face-off versus Dylan Larkin in Griffins zone.
13:46 of 1st period - Tye McGinn is hit by Brock McGinn and loses puck.
14:24 of 1st period - Minor Penalty to Brendan Woods for High sticking.
14:25 of 1st period - Brandon Pirri wins face-off versus Dylan Larkin in Griffins zone.
14:36 of 1st period - Slapshot by Carl Gunnarsson.
14:36 of 1st period - Shot Blocked by Haydn Fleury.
14:38 of 1st period - Wrist shot by Brock McGinn.
14:38 of 1st period - Shot Misses the Net.
14:40 of 1st period - Snap shot by Dylan Larkin.
14:40 of 1st period - Stopped by Jean-Francois Berube without a rebound.
14:41 of 1st period - Brayden Point wins face-off versus Marko Dano in Griffins zone.
16:24 of 1st period - Penalty to Brendan Woods is over, Brendan Woods is back on ice.
16:24 of 1st period - Off-side.
16:25 of 1st period - Nikolaj Ehlers wins face-off versus Rourke Chartier in neutral zone.
17:07 of 1st period - Wrist shot by Brendan Woods.
17:07 of 1st period - Shot Blocked by Carl Gunnarsson.
17:09 of 1st period - Slapshot by Simon Despres.
17:09 of 1st period - Shot Misses the Net.
17:11 of 1st period - Wrist shot by Nicholas Baptiste.
17:11 of 1st period - Deflect By Brendan Woods.
17:11 of 1st period - Shot Misses the Net.
17:11 of 1st period - Puck is out of play.
17:12 of 1st period - Jordan Caron wins face-off versus Rourke Chartier in Diables zone.
17:23 of 1st period - Carl Gunnarsson is hit by Gord Baldwin and loses puck.
17:46 of 1st period - Slapshot by Brendan Woods.
17:46 of 1st period - Shot Blocked by Carl Gunnarsson.
17:56 of 1st period - Wrist shot by Nikolaj Ehlers.
17:56 of 1st period - Stopped by Jean-Francois Berube with a rebound.
17:58 of 1st period - Snap shot by Samuel Morin.
17:58 of 1st period - Stopped by Jean-Francois Berube without a rebound.
17:59 of 1st period - Ben Hanowski wins face-off versus Brock McGinn in Griffins zone.
18:29 of 1st period - Wrist shot by Mikko Lehtonen.
18:29 of 1st period - Shot Misses the Net.
18:37 of 1st period - Snap shot by Ben Hanowski.
18:37 of 1st period - Stopped by Igor Shesterkin without a rebound.
18:38 of 1st period - Tim Schaller wins face-off versus Danny Kristo in Diables zone.
18:58 of 1st period - Danny Kristo is hit by Brock McGinn and loses puck.
19:17 of 1st period - Snap shot by Brandon Pirri.
19:17 of 1st period - Shot Misses the Net.
19:19 of 1st period - Slapshot by Brandon Pirri.
19:19 of 1st period - Shot Blocked by Samuel Morin.
19:31 of 1st period - Snap shot by Brendan Woods.
19:31 of 1st period - Shot Misses the Net.
19:33 of 1st period - Slapshot by Brendan Woods.
19:33 of 1st period - Shot Blocked by Carl Gunnarsson.
19:37 of 1st period - Wrist shot by Nicholas Baptiste.
19:37 of 1st period - Shot Misses the Net.
19:39 of 1st period - Wrist shot by Brendan Woods.
19:39 of 1st period - Shot Misses the Net.
19:49 of 1st period - Brayden Point is hit by Tye McGinn and loses puck.
Goals for this period are 0 for Griffins vs 1 for Diables.
Shots for this period are 6 for Griffins vs 11 for Diables.
2nd period
0:01 of 2nd period - Tim Schaller wins face-off versus Ben Hanowski in neutral zone.
0:10 of 2nd period - Slapshot by Tobias Rieder.
0:10 of 2nd period - Deflect By Brock McGinn.
0:10 of 2nd period - Stopped by Jean-Francois Berube without a rebound.
0:11 of 2nd period - Marko Dano wins face-off versus Tim Schaller in Griffins zone.
0:37 of 2nd period - Samuel Morin is hit by Anton Slepyshev and loses puck.
1:01 of 2nd period - Snap shot by Nicholas Baptiste.
1:01 of 2nd period - Shot Misses the Net.
1:20 of 2nd period - Tobias Rieder is hit by Nicholas Baptiste and loses puck.
1:25 of 2nd period - Snap shot by Brendan Woods.
1:25 of 2nd period - Shot Misses the Net.
1:27 of 2nd period - Slapshot by Simon Despres.
1:27 of 2nd period - Shot Misses the Net.
1:29 of 2nd period - Slapshot by Simon Despres.
1:29 of 2nd period - Shot Misses the Net.
1:31 of 2nd period - Snap shot by Nicholas Baptiste.
1:31 of 2nd period - Stopped by Igor Shesterkin with a rebound.
1:33 of 2nd period - Slapshot by Simon Despres.
1:33 of 2nd period - Shot Misses the Net.
1:35 of 2nd period - Wrist shot by Rourke Chartier.
1:35 of 2nd period - Shot Misses the Net.
1:37 of 2nd period - Slapshot by Simon Despres.
1:37 of 2nd period - Deflect By Rourke Chartier.
1:37 of 2nd period - Stopped by Igor Shesterkin without a rebound.
1:38 of 2nd period - Marko Dano wins face-off versus Dylan Larkin in Diables zone.
1:41 of 2nd period - Snap shot by Tye McGinn.
1:41 of 2nd period - Stopped by Igor Shesterkin without a rebound.
1:42 of 2nd period - Marko Dano wins face-off versus Dylan Larkin in Diables zone.
2:09 of 2nd period - Snap shot by Nathan Gerbe.
2:09 of 2nd period - Shot Misses the Net.
2:11 of 2nd period - Slapshot by Brandon Pirri.
2:11 of 2nd period - Shot Misses the Net.
2:13 of 2nd period - Slapshot by Marcus Pettersson.
2:13 of 2nd period - Stopped by Igor Shesterkin with a rebound.
2:17 of 2nd period - Snap shot by Nathan Gerbe.
2:17 of 2nd period - Stopped by Igor Shesterkin with a rebound.
2:23 of 2nd period - Minor Penalty to Brock McGinn for High sticking.
2:24 of 2nd period - Jordan Caron wins face-off versus Marko Dano in Diables zone.
2:59 of 2nd period - Slapshot by Gord Baldwin.
2:59 of 2nd period - Stopped by Igor Shesterkin without a rebound.
3:00 of 2nd period - Jordan Caron wins face-off versus Nathan Gerbe in Diables zone.
3:55 of 2nd period - Wrist shot by Nathan Gerbe.
3:55 of 2nd period - Shot Blocked by Zac Leslie.
3:57 of 2nd period - Snap shot by Anton Slepyshev.
3:57 of 2nd period - Shot Blocked by Will Butcher.
3:59 of 2nd period - Slapshot by Gord Baldwin.
3:59 of 2nd period - Goal by Gord Baldwin - Griffins : 1 - Diables : 1.
4:00 of 2nd period - Dylan Larkin wins face-off versus Marko Dano in neutral zone.
4:05 of 2nd period - Tye McGinn is hit by Jordan Caron and loses puck.
4:27 of 2nd period - Snap shot by Tobias Rieder.
4:27 of 2nd period - Shot Misses the Net.
5:06 of 2nd period - Minor Penalty to Christian Thomas for Hooking.
5:07 of 2nd period - Marko Dano wins face-off versus Jordan Caron in Diables zone.
5:16 of 2nd period - Wrist shot by Marko Dano.
5:16 of 2nd period - Goal by Marko Dano - Griffins : 2 - Diables : 1.
5:17 of 2nd period - Tim Schaller wins face-off versus Marko Dano in neutral zone.
5:17 of 2nd period - Tim Schaller is hit by Tye McGinn.
5:52 of 2nd period - Snap shot by Nikolaj Ehlers.
5:52 of 2nd period - Stopped by Jean-Francois Berube without a rebound.
5:53 of 2nd period - Marko Dano wins face-off versus Tim Schaller in Griffins zone.
6:40 of 2nd period - Danny Kristo is hit by Brett Lernout and loses puck.
7:20 of 2nd period - Wrist shot by Tim Schaller.
7:20 of 2nd period - Stopped by Jean-Francois Berube with a rebound.
8:40 of 2nd period - Will Butcher is hit by Mirco Mueller and loses puck.
9:03 of 2nd period - Slapshot by Tye McGinn.
9:03 of 2nd period - Stopped by Igor Shesterkin with a rebound.
9:36 of 2nd period - Snap shot by Danny Kristo.
9:36 of 2nd period - Stopped by Igor Shesterkin with a rebound.
9:38 of 2nd period - Wrist shot by Danny Kristo.
9:38 of 2nd period - Stopped by Igor Shesterkin with a rebound.
9:40 of 2nd period - Snap shot by Mark Jankowski.
9:40 of 2nd period - Shot Misses the Net.
9:52 of 2nd period - Ben Hanowski is hit by Mikko Lehtonen and loses puck.
10:07 of 2nd period - Snap shot by Brandon Prust.
10:07 of 2nd period - Shot Misses the Net.
10:42 of 2nd period - Slapshot by Carl Gunnarsson.
10:42 of 2nd period - Shot Misses the Net.
10:44 of 2nd period - Snap shot by Brandon Prust.
10:44 of 2nd period - Shot Blocked by Gord Baldwin.
10:46 of 2nd period - Slapshot by Brett Lernout.
10:46 of 2nd period - Deflect By Brayden Point.
10:46 of 2nd period - Shot Blocked by Haydn Fleury.
10:46 of 2nd period - Haydn Fleury from Griffins is injured at 10:46 of 2nd period (Broken Bone (Right Arm)).
10:47 of 2nd period - Tim Schaller wins face-off versus Marko Dano in Griffins zone.
11:24 of 2nd period - Minor Penalty to Anton Slepyshev for High sticking.
11:25 of 2nd period - Brendan Woods wins face-off versus Brayden Point in Griffins zone.
12:01 of 2nd period - Slapshot by Dylan Larkin.
12:01 of 2nd period - Shot Misses the Net.
12:03 of 2nd period - Wrist shot by Brock McGinn.
12:03 of 2nd period - Shot Misses the Net.
12:33 of 2nd period - Samuel Morin is hit by Mirco Mueller and loses puck.
13:24 of 2nd period - Penalty to Anton Slepyshev is over, Anton Slepyshev is back on ice.
13:36 of 2nd period - Slapshot by Will Butcher.
13:36 of 2nd period - Stopped by Jean-Francois Berube without a rebound.
13:37 of 2nd period - Nathan Gerbe wins face-off versus Frederik Gauthier in Griffins zone.
13:54 of 2nd period - Daniel Zaar is hit by Nathan Gerbe and loses puck.
14:05 of 2nd period - Anton Slepyshev is hit by Carl Gunnarsson and loses puck.
14:17 of 2nd period - Snap shot by Nathan Gerbe.
14:17 of 2nd period - Stopped by Igor Shesterkin with a rebound.
14:19 of 2nd period - Slapshot by Marcus Pettersson.
14:19 of 2nd period - Deflect By Anton Slepyshev.
14:19 of 2nd period - Shot Misses the Net.
14:19 of 2nd period - Puck is out of play.
14:20 of 2nd period - Danny Kristo wins face-off versus Brock McGinn in Diables zone.
14:21 of 2nd period - Snap shot by Sonny Milano.
14:21 of 2nd period - Shot Misses the Net.
14:51 of 2nd period - Slapshot by Gord Baldwin.
14:51 of 2nd period - Stopped by Igor Shesterkin with a rebound.
14:53 of 2nd period - Wrist shot by Simon Despres.
14:53 of 2nd period - Stopped by Igor Shesterkin with a rebound.
14:55 of 2nd period - Slapshot by Gord Baldwin.
14:55 of 2nd period - Deflect By Dylan Larkin.
14:55 of 2nd period - Goal by Gord Baldwin - Griffins : 3 - Diables : 1.
14:56 of 2nd period - Tim Schaller wins face-off versus Marko Dano in neutral zone.
15:24 of 2nd period - Minor Penalty to Carl Gunnarsson for Slashing.
15:25 of 2nd period - Jordan Caron wins face-off versus Marko Dano in Diables zone.
15:25 of 2nd period - Jordan Caron is hit by Marcus Pettersson.
15:50 of 2nd period - Tobias Rieder is hit by Anton Slepyshev and loses puck.
16:09 of 2nd period - Chris Bigras is hit by Marko Dano.
17:24 of 2nd period - Penalty to Carl Gunnarsson is over, Carl Gunnarsson is back on ice.
17:25 of 2nd period - Will Butcher is hit by Ben Hanowski and loses puck.
17:38 of 2nd period - Snap shot by Christian Thomas.
17:38 of 2nd period - Shot Misses the Net.
18:01 of 2nd period - Mark Jankowski is hit by Tim Schaller and loses puck.
18:40 of 2nd period - Mark Jankowski is hit by Carl Gunnarsson and loses puck.
18:49 of 2nd period - Snap shot by Christian Thomas.
18:49 of 2nd period - Stopped by Jean-Francois Berube with a rebound.
19:01 of 2nd period - Marko Dano is hit by Brock McGinn and loses puck.
19:42 of 2nd period - Simon Despres is hit by Brett Lernout and loses puck.
19:59 of 2nd period - Frederik Gauthier is hit by Brandon Pirri and loses puck.
Goals for this period are 3 for Griffins vs 0 for Diables.
Shots for this period are 15 for Griffins vs 5 for Diables.
3rd period
0:01 of 3rd period - Tobias Rieder wins face-off versus Marko Dano in neutral zone.
0:10 of 3rd period - Brock McGinn is hit by Marko Dano and loses puck.
0:32 of 3rd period - Snap shot by Brandon Prust.
0:32 of 3rd period - Deflect By Brayden Point.
0:32 of 3rd period - Shot Misses the Net.
0:32 of 3rd period - Puck is out of play.
0:33 of 3rd period - Brayden Point wins face-off versus Nathan Gerbe in Griffins zone.
0:36 of 3rd period - Slapshot by Mikko Lehtonen.
0:36 of 3rd period - Stopped by Jean-Francois Berube with a rebound.
0:38 of 3rd period - Slapshot by Zac Leslie.
0:38 of 3rd period - Shot Blocked by Nathan Gerbe.
0:58 of 3rd period - Mirco Mueller is hit by Brayden Point.
1:18 of 3rd period - Slapshot by Brandon Prust.
1:18 of 3rd period - Stopped by Jean-Francois Berube without a rebound.
1:19 of 3rd period - Tim Schaller wins face-off versus Ben Hanowski in Griffins zone.
1:28 of 3rd period - Tobias Rieder is hit by Mirco Mueller and loses puck.
1:33 of 3rd period - Wrist shot by Marko Dano.
1:33 of 3rd period - Shot Misses the Net.
1:45 of 3rd period - Mark Jankowski is hit by Carl Gunnarsson and loses puck.
2:27 of 3rd period - Gord Baldwin is hit by Zac Leslie and loses puck.
3:00 of 3rd period - Chris Bigras is hit by Simon Despres and loses puck.
3:50 of 3rd period - Icing by Mikko Lehtonen.
3:51 of 3rd period - Marko Dano wins face-off versus Tim Schaller in Diables zone.
3:58 of 3rd period - Snap shot by Tye McGinn.
3:58 of 3rd period - Shot Misses the Net.
4:00 of 3rd period - Wrist shot by Ben Hanowski.
4:00 of 3rd period - Shot Misses the Net.
4:12 of 3rd period - Minor Penalty to Brock McGinn for Roughing.
4:13 of 3rd period - Marko Dano wins face-off versus Jordan Caron in Diables zone.
4:16 of 3rd period - Snap shot by Tye McGinn.
4:16 of 3rd period - Shot Misses the Net.
6:09 of 3rd period - Ben Hanowski is hit by Christian Thomas and loses puck.
6:12 of 3rd period - Penalty to Brock McGinn is over, Brock McGinn is back on ice.
6:20 of 3rd period - Mirco Mueller is hit by Brock McGinn.
6:40 of 3rd period - Snap shot by Danny Kristo.
6:40 of 3rd period - Stopped by Igor Shesterkin with a rebound.
6:53 of 3rd period - Snap shot by Brayden Point.
6:53 of 3rd period - Stopped by Jean-Francois Berube with a rebound.
8:51 of 3rd period - Tim Schaller is hit by Brendan Woods.
8:54 of 3rd period - Icing by Tobias Rieder.
8:55 of 3rd period - Brock McGinn wins face-off versus Rourke Chartier in Diables zone.
9:00 of 3rd period - Brett Lernout is hit by Brendan Woods.
9:39 of 3rd period - Mark Jankowski is hit by Brett Lernout and loses puck.
9:50 of 3rd period - Carl Gunnarsson is hit by Brendan Woods and loses puck.
10:10 of 3rd period - Snap shot by Marko Dano.
10:10 of 3rd period - Stopped by Igor Shesterkin without a rebound.
10:11 of 3rd period - Brayden Point wins face-off versus Marko Dano in Diables zone.
10:19 of 3rd period - Will Butcher is hit by Brandon Pirri and loses puck.
10:30 of 3rd period - Simon Despres is hit by Brayden Point and loses puck.
10:35 of 3rd period - Wrist shot by Brandon Prust.
10:35 of 3rd period - Deflect By Brayden Point.
10:35 of 3rd period - Stopped by Jean-Francois Berube without a rebound.
10:36 of 3rd period - Tim Schaller wins face-off versus Mark Jankowski in Griffins zone.
11:09 of 3rd period - Slapshot by Tye McGinn.
11:09 of 3rd period - Shot Misses the Net.
11:11 of 3rd period - Wrist shot by Tye McGinn.
11:11 of 3rd period - Stopped by Igor Shesterkin with a rebound.
11:13 of 3rd period - Wrist shot by Marko Dano.
11:13 of 3rd period - Stopped by Igor Shesterkin with a rebound.
11:23 of 3rd period - Wrist shot by Nathan Gerbe.
11:23 of 3rd period - Shot Blocked by Brock McGinn.
11:25 of 3rd period - Snap shot by Anton Slepyshev.
11:25 of 3rd period - Shot Blocked by Chris Bigras.
11:27 of 3rd period - Slapshot by Marcus Pettersson.
11:27 of 3rd period - Shot Blocked by Chris Bigras.
11:43 of 3rd period - Chris Bigras is hit by Sonny Milano and loses puck.
11:52 of 3rd period - Snap shot by Sonny Milano.
11:52 of 3rd period - Goal by Sonny Milano - Griffins : 4 - Diables : 1.
11:53 of 3rd period - Marko Dano wins face-off versus Dylan Larkin in neutral zone.
11:56 of 3rd period - Snap shot by Gord Baldwin.
11:56 of 3rd period - Shot Blocked by Nikolaj Ehlers.
12:06 of 3rd period - Snap shot by Nikolaj Ehlers.
12:06 of 3rd period - Shot Blocked by Marcus Pettersson.
12:29 of 3rd period - Snap shot by Danny Kristo.
12:29 of 3rd period - Shot Misses the Net.
12:31 of 3rd period - Snap shot by Danny Kristo.
12:31 of 3rd period - Shot Misses the Net.
12:33 of 3rd period - Wrist shot by Marcus Pettersson.
12:33 of 3rd period - Deflect By Mikko Lehtonen.
12:33 of 3rd period - Stopped by Igor Shesterkin with a rebound.
12:46 of 3rd period - Off-side.
12:47 of 3rd period - Nathan Gerbe wins face-off versus Frederik Gauthier in neutral zone.
12:52 of 3rd period - Will Butcher is hit by Brandon Pirri and loses puck.
13:07 of 3rd period - Wrist shot by Daniel Zaar.
13:07 of 3rd period - Deflect By Frederik Gauthier.
13:07 of 3rd period - Stopped by Jean-Francois Berube with a rebound.
13:09 of 3rd period - Snap shot by Frederik Gauthier.
13:09 of 3rd period - Stopped by Jean-Francois Berube with a rebound.
13:11 of 3rd period - Snap shot by Daniel Zaar.
13:11 of 3rd period - Stopped by Jean-Francois Berube without a rebound.
13:12 of 3rd period - Marko Dano wins face-off versus Tobias Rieder in Griffins zone.
13:12 of 3rd period - Marko Dano is hit by Brock McGinn.
13:18 of 3rd period - Chris Bigras is hit by Marko Dano and loses puck.
13:24 of 3rd period - Icing by Tobias Rieder.
13:25 of 3rd period - Marko Dano wins face-off versus Tim Schaller in Diables zone.
13:26 of 3rd period - Wrist shot by Tye McGinn.
13:26 of 3rd period - Stopped by Igor Shesterkin without a rebound.
13:27 of 3rd period - Marko Dano wins face-off versus Tim Schaller in Diables zone.
13:43 of 3rd period - Minor Penalty to Tim Schaller for Roughing.
13:44 of 3rd period - Marko Dano wins face-off versus Jordan Caron in Diables zone.
13:59 of 3rd period - Wrist shot by Tye McGinn.
13:59 of 3rd period - Shot Misses the Net.
15:43 of 3rd period - Penalty to Tim Schaller is over, Tim Schaller is back on ice.
15:48 of 3rd period - Slapshot by Chris Bigras.
15:48 of 3rd period - Deflect By Brock McGinn.
15:48 of 3rd period - Shot Misses the Net.
15:48 of 3rd period - Puck is out of play.
15:49 of 3rd period - Rourke Chartier wins face-off versus Tim Schaller in Griffins zone.
16:11 of 3rd period - Snap shot by Danny Kristo.
16:11 of 3rd period - Shot Blocked by Christian Thomas.
16:13 of 3rd period - Slapshot by Simon Despres.
16:13 of 3rd period - Stopped by Igor Shesterkin with a rebound.
16:42 of 3rd period - Wrist shot by Brandon Prust.
16:42 of 3rd period - Stopped by Jean-Francois Berube without a rebound.
16:43 of 3rd period - Rourke Chartier wins face-off versus Brayden Point in Griffins zone.
16:51 of 3rd period - Samuel Morin is hit by Rourke Chartier and loses puck.
16:56 of 3rd period - Slapshot by Nicholas Baptiste.
16:56 of 3rd period - Shot Misses the Net.
17:14 of 3rd period - Snap shot by Dylan Larkin.
17:14 of 3rd period - Shot Misses the Net.
17:16 of 3rd period - Wrist shot by Jordan Caron.
17:16 of 3rd period - Shot Blocked by Gord Baldwin.
17:18 of 3rd period - Snap shot by Jordan Caron.
17:18 of 3rd period - Shot Misses the Net.
17:20 of 3rd period - Slapshot by Dylan Larkin.
17:20 of 3rd period - Stopped by Jean-Francois Berube without a rebound.
17:21 of 3rd period - Ben Hanowski wins face-off versus Tim Schaller in Griffins zone.
17:21 of 3rd period - Ben Hanowski is hit by Tobias Rieder.
17:27 of 3rd period - Samuel Morin is hit by Ben Hanowski and loses puck.
17:56 of 3rd period - Snap shot by Mark Jankowski.
17:56 of 3rd period - Deflect By Sonny Milano.
17:56 of 3rd period - Shot Blocked by Tobias Rieder.
17:56 of 3rd period - Puck is out of play.
17:57 of 3rd period - Dylan Larkin wins face-off versus Nathan Gerbe in Diables zone.
18:12 of 3rd period - Icing by Jordan Caron.
18:13 of 3rd period - Marko Dano wins face-off versus Jordan Caron in Diables zone.
18:16 of 3rd period - Wrist shot by Ben Hanowski.
18:16 of 3rd period - Shot Misses the Net.
18:18 of 3rd period - Slapshot by Simon Despres.
18:18 of 3rd period - Shot Misses the Net.
18:20 of 3rd period - Backhand shot by Marko Dano.
18:20 of 3rd period - Stopped by Igor Shesterkin with a rebound.
18:25 of 3rd period - Minor Penalty to Brett Lernout for Hooking.
18:26 of 3rd period - Marko Dano wins face-off versus Jordan Caron in Diables zone.
18:34 of 3rd period - Slapshot by Marko Dano.
18:34 of 3rd period - Stopped by Igor Shesterkin without a rebound.
18:35 of 3rd period - Marko Dano wins face-off versus Jordan Caron in Diables zone.
18:36 of 3rd period - Wrist shot by Ben Hanowski.
18:36 of 3rd period - Stopped by Igor Shesterkin with a rebound.
18:52 of 3rd period - Snap shot by Tye McGinn.
18:52 of 3rd period - Stopped by Igor Shesterkin with a rebound.
18:54 of 3rd period - Slapshot by Marko Dano.
18:54 of 3rd period - Shot Misses the Net.
19:54 of 3rd period - Icing by Danny Kristo.
19:55 of 3rd period - Nathan Gerbe wins face-off versus Brayden Point in Griffins zone.
Goals for this period are 1 for Griffins vs 0 for Diables.
Shots for this period are 12 for Griffins vs 9 for Diables.
Back to the Top